 Dungeon Crawl Stone Soup version 0.19-a0-1861-g35def1e (webtiles) character file.

1057 Alarkh the Caller (level 8, -2/52 HPs)
             Began as a Mummy Summoner on Oct 12, 2016.
             Was an Initiate of Okawaru.
             Killed by divine providence
             ... invoked by an orc priest
              (14 damage)
             ... on level 6 of the Dungeon.
             The game lasted 00:10:29 (4481 turns).

Alarkh the Caller (Mummy Summoner)                  Turns: 4481, Time: 00:10:30

Health: -2/52      AC:  6    Str: 11    XL:     8   Next: 6%
Magic:  11/14      EV: 12    Int: 17    God:    Okawaru [......]
Gold:   207        SH:  6    Dex: 12    Spells: 5 memorised, 3 levels left

rFire  x . .     SeeInvis .     a - +0 spear
rCold  + . .     Gourm    .     q - +0 robe
rNeg   + + +     Faith    .     c - +2 buckler
rPois  ∞         Spirit   .     f - +0 helmet (curse)
rElec  .         Dismiss  .     (no cloak)
rCorr  .         Reflect  .     d - +2 pair of gloves
MR     +....     Harm     .     (no boots)
Stlth  ++........               (no amulet)
                                (no ring)
                                t - +4 ring of slaying

@: no status effects
A: no food or potions, fire vulnerability, cold resistance 1, negative energy
resistance 3, torment resistance, unbreathing
a: Renounce Religion


You were on level 6 of the Dungeon.
You worshipped Okawaru.
Okawaru was noncommittal.
You were not hungry.

You visited 1 branch of the dungeon, and saw 6 of its levels.

You collected 240 gold pieces.
You spent 33 gold pieces at shops.

Inventory:

Hand Weapons
 a - a +0 spear (weapon)
 b - a +1 dagger of protection
 i - a +0 whip
Armour
 c - a +2 buckler (worn)
 d - a +2 pair of gloves (worn)
 f - a cursed +0 helmet (worn)
 q - a +0 robe (worn)
Magical Staves
 u - an uncursed staff of conjuration
Jewellery
 k - an uncursed amulet of dismissal
 t - a +4 ring of slaying (left hand)
Wands
 v - a wand of acid (5/15)
 y - a wand of lightning (2/15)
Scrolls
 e - a scroll of identify
 g - 3 scrolls of enchant armour
 h - a scroll of fear
 j - 3 scrolls of remove curse
 l - 2 scrolls of magic mapping
 m - a scroll of fog
 n - 2 scrolls of immolation {unknown}
 p - a scroll of blinking {unknown}
 r - 3 scrolls of teleportation
 x - a scroll of amnesia {unknown}
Books
 o - a book of Cantrips

   Spells                             Type                      Level
   a - Confusing Touch                Hexes                        1
   b - Animate Skeleton               Necromancy                   1
   c - Summon Small Mammal            Summoning                    1
   d - Apportation                    Translocation                1
 s - a book of Callings

   Spells                             Type                      Level
   a - Summon Small Mammal            Summoning                    1
   b - Call Imp                       Summoning                    2
   c - Call Canine Familiar           Summoning                    3
   d - Summon Guardian Golem          Hexes/Summoning              3
   e - Summon Lightning Spire         Summoning/Air                4
   f - Summon Ice Beast               Ice/Summoning                4
 w - a book of Conjurations

   Spells                             Type                      Level
   a - Magic Dart                     Conjuration                  1
   b - Searing Ray                    Conjuration                  2
   c - Dazzling Spray                 Conjuration/Hexes            3
   d - Fulminant Prism                Conjuration/Hexes            4
   e - Iskenderun's Mystic Blast      Conjuration                  4
   f - Iskenderun's Battlesphere      Conjuration/Charms           5


   Skills:
 * Level 4.2 Polearms
 - Level 1.5 Dodging
 - Level 1.5 Stealth
 + Level 3.3 Shields
 + Level 4.6 Spellcasting
 + Level 4.8 Summonings
 + Level 0.2 Translocations


You had 3 spell levels left.
You knew the following spells:

 Your Spells              Type           Power        Failure   Level  Hunger
a - Call Canine Familiar  Summ           ###.....     8%          3    N/A
b - Summon Lightning Spi  Summ/Air       ##......     63%         4    N/A
c - Apportation           Tloc           #.........   17%         1    N/A
d - Summon Ice Beast      Ice/Summ       ##......     63%         4    N/A
e - Summon Small Mammal   Summ           ###.         1%          1    N/A

Dungeon Overview and Level Annotations

Branches:
Dungeon (6/15)
 Temple: D:4-7

Altars:
Dithmenos
Makhleb
Okawaru
Qazlal
Vehumet
Zin
The Shining One

Shops:
D:4 [%*(?

Annotations:
D:5 1 exclusion


Innate Abilities, Weirdness & Mutations

You do not eat or drink.
Your flesh is vulnerable to fire.
You are immune to poison.
Your flesh is cold resistant. (rC+)
You are immune to negative energy. (rN+++)
You are immune to unholy pain and torment.
You can survive without breathing.


Message History

Aim: an orc priest, wearing a chain mail and wearing a large glass ring (almost dead)
You could not reach far enough!
Your hound bites the orc priest but does no damage.
The orc priest hits your hound.
Your hound dies!
Your hound's corpse disappears in a puff of smoke!
Attack whom?
Press: ? - help, Dir - move target cursor, f/p - orc priest
Aim: an orc priest, wearing a chain mail and wearing a large glass ring (almost dead)
Okay, then.
Unknown command.
Casting: Call Canine Familiar
Confirm with . or Enter, or press ? or * to list all spells.
The orc priest invokes the aid of Beogh against you.
Beogh smites you!
* * * LOW HITPOINT WARNING * * *
Unknown command.
The orc priest mumbles some strange prayers to Beogh against you.
Beogh smites you!
You die...

≈≈#≈≈≈≈#≈. #.o#
≈≈≈≈#≈≈≈≈. #..#
≈#≈≈≈≈.... #..# ≈≈≈....#
#..## ....##.# ####.)#
..#....###### #.....##
.#####......# #.##...#
...[........#####o##...#
######........h.@)##.#>#
#........########.#.###
#.##.....# #.....# #.
#.....# ####### .
#.....# .# #.....#
+.....# #.....


You could see an orc priest and a friendly hound.

Vanquished Creatures
  Prince Ribbit (D:5)
  The ghost of Duskembrace the Cutter, an amateur KoMo (D:4)
  A necrophage (D:4)
  A centaur (D:5)
  A bullfrog zombie (D:4)
  A hound (D:4)
  5 orc wizards
  A bullfrog skeleton (D:5)
  4 adders
  3 adder skeletons
  A dart slug (D:1)
  6 orcs
  2 giant cockroaches
  6 goblins
  3 hobgoblins
  2 jackals (D:3)
  A quokka (D:2)
  2 ball pythons
  6 bats
  3 frilled lizards
  2 kobolds
  4 rats
57 creatures vanquished.

Vanquished Creatures (collateral kills)
  An ogre (D:5)
  A phantom (D:5)
  A crimson imp (D:5)
  An orc priest (D:6)
  2 hounds
  An iguana (D:4)
  4 orc wizards
  Robin (D:3)
  3 adders
  A shadow imp (D:3)
  A worm (D:3)
  A dart slug (D:1)
  5 orcs
  4 bats
  5 giant cockroaches
  5 hobgoblins
  3 jackals
  3 kobolds
  2 quokkas
  3 frilled lizards
  8 goblins
56 creatures vanquished.

Vanquished Creatures (others)
  A jelly (D:6)
1 creature vanquished.

Grand Total: 114 creatures vanquished

Notes
Turn   | Place    | Note
-------+----------+-------------------------------------------
     0 | D:1      | Alarkh the Mummy Summoner began the quest for the Orb.
     0 | D:1      | Reached XP level 1. HP: 13/13 MP: 3/3
     2 | D:1      | Noticed a demonspawn
     4 | D:1      | Noticed a draconian
     4 | D:1      | Noticed a human
     6 | D:1      | Noticed a ghoul
     6 | D:1      | Noticed a halfling
     8 | D:1      | Noticed a vine stalker
     8 | D:1      | Noticed a gargoyle
    11 | D:1      | Noticed a minotaur
    11 | D:1      | Noticed a merfolk
    13 | D:1      | Noticed a tengu
    13 | D:1      | Noticed a formicid
    15 | D:1      | Noticed a naga
    15 | D:1      | Noticed a spriggan
    17 | D:1      | Noticed an ogre
    19 | D:1      | Noticed an octopode
    19 | D:1      | Noticed a dwarf
    21 | D:1      | Noticed a felid
    23 | D:1      | Noticed a demigod
    23 | D:1      | Noticed an elf
    25 | D:1      | Noticed a vampire
    25 | D:1      | Noticed a troll
    27 | D:1      | Noticed a centaur
   425 | D:1      | Reached XP level 2. HP: 16/19 MP: 1/5
  1406 | D:2      | Reached skill level 1 in Shields
  1427 | D:2      | Reached XP level 3. HP: 14/24 MP: 1/6
  1449 | D:2      | Learned a level 3 spell: Call Canine Familiar
  1825 | D:3      | Reached XP level 4. HP: 30/30 MP: 2/8
  1829 | D:3      | Noticed Robin
  1866 | D:3      | Killed Robin
  1967 | D:3      | Found a radiant altar of Vehumet.
  2368 | D:4      | Found Cediw's Armour Emporium.
  2383 | D:4      | Found Xoucy's General Store.
  2392 | D:4      | Reached XP level 5. HP: 35/35 MP: 3/9
  2397 | D:4      | Bought a scroll of teleportation for 33 gold pieces
  2409 | D:4      | Reached skill level 1 in Polearms
  2414 | D:4      | Found Umiuro's Antique Weapon Shop.
  2458 | D:4      | Noticed Duskembrace's ghost (amateur KoMo)
  2479 | D:4      | Killed Duskembrace's ghost
  2479 | D:4      | Reached XP level 6. HP: 31/41 MP: 5/11
  2485 | D:4      | Learned a level 4 spell: Summon Lightning Spire
  2521 | D:4      | Found Rirphit's Magic Scroll Shop.
  2738 | D:4      | Found Epreethoshro's Food Shoppe.
  2758 | D:4      | Found a glowing silver altar of Zin.
  3160 | D:5      | Entered Level 5 of the Dungeon
  3160 | D:5      | Noticed Prince Ribbit
  3445 | D:5      | Reached XP level 7. HP: 41/46 MP: 8/12
  3521 | D:5      | Found a glowing golden altar of the Shining One.
  3606 | D:5      | Found a stormy altar of Qazlal.
  3638 | D:5      | Found a burning altar of Makhleb.
  3930 | D:5      | Found an iron altar of Okawaru.
  3942 | D:5      | Became a worshipper of Warmaster Okawaru
  3977 | D:5      | Killed Prince Ribbit
  4110 | D:5      | Found a shadowy altar of Dithmenos.
  4254 | D:5      | Learned a level 1 spell: Apportation
  4397 | D:6      | Learned a level 4 spell: Summon Ice Beast
  4423 | D:6      | Reached XP level 8. HP: 32/52 MP: 10/14
  4481 | D:6      | Killed from afar by an orc priest

Vault maps used:
D:1:      kb_arrival_jail
D:3:      lemuel_coloured_pillars_altar, minmay_misc_feat_room, uniq_robin
D:4:      lemuel_round_altar, serial_shops, shop,
          nicolae_shop_temple_entry_statues_fountains,
          nicolae_shop_overgrown_old_shop, nicolae_shop_trees, shop,
          kennysheep_crisscross, minmay_misc_feat_x
D:5:      lemuel_doored_altar, grunt_qazlal_clouds, makhleb_heckhound_becter,
          nicolae_dithmenos_the_darkroom, first_bread, fountainhead,
          kennysheep_okawaru_gauntlet, uniq_prince_ribbit1
D:6:      nicolae_lava_and_water, lemuel_flamethrower_2

Skill      XL: |  1  2  3  4  5  6  7 |
---------------+----------------------+-----
Shields        | 1 2 3 |  3.3
Spellcasting   | 3 4 |  4.6
Summonings     | 4 |  4.8
Polearms       | 2 4 |  4.2
Dodging        | |  1.5
Stealth        | |  1.5
Translocations | |  0.2

Action                   |  1- 3 |  4- 6 |  7- 9 || total
-------------------------+-------+-------+-------++-------
Melee: Unarmed           |    18 |       |       ||    18
       Whip              |   116 |     9 |       ||   125
       Dagger            |       |    53 |       ||    53
       Spear             |       |    78 |   105 ||   183
 Cast: Summon Small Mamm |    41 |     4 |       ||    45
       Call Canine Famil |     9 |    21 |    13 ||    43
       Apportation       |       |       |     2 ||     2
  Use: Scroll            |     2 |     3 |     1 ||     6
 Stab: Sleeping          |     2 |     1 |     1 ||     4
       Distracted        |     1 |     2 |       ||     3
Armor: Robe              |    69 |    31 |    19 ||   119
Dodge: Dodged            |   105 |    48 |    38 ||   191
Block: Buckler           |    55 |    38 |    17 ||   110
